 Dungeon Crawl Stone Soup version 0.29-a0-819-g94b489e0ae (webtiles) character file.

Game seed: 3625502576518069196

65 buhh the Insei (level 4, -13/28 HPs)
             Began as an Octopode Transmuter on July 6, 2022.
             Killed by divine providence
             ... invoked by an orc priest
              (14 damage)
             ... on level 3 of the Dungeon.
             The game lasted 00:03:54 (3519 turns).

buhh the Insei (Octopode Transmuter)                Turns: 3519, Time: 00:03:55

Health: -13/28     AC:  1    Str:  9    XL:     4   Next: 13%
Magic:  6/7        EV: 13    Int: 17    God:
Gold:   149        SH:  0    Dex: 12    Spells: 1/7 levels left

rFire   . . .      SeeInvis .     - Unarmed
rCold   . . .      Faith    .   (no shield)
rNeg    . . .      Spirit   .   (helmet currently unavailable)
rPois   +          Reflect  .   (no amulet)
rElec   .          Harm     .   a - ring of poison resistance
rCorr   .          Rampage  .   m - ring of flight
Will    .....                   (no ring)
Stlth   +++.......              (no ring)
HPRegen 0.09/turn               (no ring)
MPRegen 0.10/turn               (no ring)
                                (no ring)
                                (no ring)

@: appendages (expiring), flying
A: tentacle spike 3, almost no armour, amphibious, 8 rings, camouflage 1,
gelatinous body 1, (nimble swimmer 1), tentacles
a: End Transformation


You were on level 3 of the Dungeon.
One of your tentacles had grown a beastly spike.
You visited 1 branch of the dungeon, and saw 3 of its levels.

You collected 149 gold pieces.

Inventory:

Magical Staves
 j - a staff of fire
Jewellery
 a - a ring of poison resistance (left tentacle)
 m - a ring of flight (right tentacle)
Wands
 l - a wand of polymorph (3)
Scrolls
 b - 2 scrolls of brand weapon {unknown}
 c - a scroll of magic mapping {unknown}
 d - 2 scrolls of identify {unknown}
 e - a scroll of enchant armour {unknown}
 f - 2 scrolls of teleportation {unknown}
 h - a scroll of torment {unknown}
 i - 2 scrolls of fog {unknown}
 k - a scroll of acquirement {unknown}
 n - a scroll of immolation {unknown}
Potions
 g - a potion of brilliance {unknown}


   Skills:
 + Level 1.4 Fighting
 + Level 2.5 Dodging
 * Level 2.4 Stealth
 * Level 3.6 Unarmed Combat
 - Level 2.0 Spellcasting
 - Level 2.0 Transmutations
 + Level 1.3 Poison Magic


You had one spell level left.
You knew the following spells:

 Your Spells              Type           Power      Damage    Failure   Level
a - Beastly Appendage     Tmut           16%        N/A       9%          1
b - Wereblood             Tmut           8%         N/A       13%         2
c - Spider Form           Tmut/Pois      7%         N/A       28%         3

Your spell library contained the following spells:

 Spells                   Type           Power      Damage    Failure   Level
 Gell's Gravitas          Tloc           1%         N/A       50%         3
 Summon Guardian Golem    Hex/Summ       1%         N/A       50%         3
 Teleport Other           Tloc           1%         N/A       50%         3
 Ice Form                 Ice/Tmut       5%         N/A       77%         4
 Dispersal                Tloc           0%         N/A       100%        6
 Orb of Destruction       Conj           0%         9d5       100%        7
 Spellforged Servitor     Conj/Summ      0%         N/A       100%        7


Dungeon Overview and Level Annotations

Branches:
Dungeon (3/15) Zot: 14485

Altars:
Fedhas
Ru

Shops:
D:1 (

Annotations:
D:3 Ijyb


Innate Abilities, Weirdness & Mutations

One of your tentacles has grown a beastly spike.
You cannot wear most types of armour.
You are amphibious.
You can wear up to eight rings at the same time.
Your skin changes colour to match your surroundings (Stealth+).
Your rubbery body absorbs attacks. (AC +1, EV +1)
((You are camouflaged when in or above water. (Stealth+)))
You have tentacles for arms and can constrict up to eight enemies at once.


Message History

Found a blossoming altar of Fedhas.
Your transformation is almost over.
The endoplasm jiggles.
There is a stone staircase leading up here.
Casting: Beastly Appendage (safe; 9% risk of failure)
Press: ? - help, Q - select action, (/) - cycle Dir - look around, f - activate You miscast Beastly Appendage.
You are very lightly contaminated with residual magic.
Nothing appears to happen.
Your tentacle spike disappears.
You tentacle-slap the endoplasm.
You kill the endoplasm!
No target in view!
Your magical contamination has completely faded away.
Magic restored.
One of your tentacles grows a vicious spike.
The orc priest shouts!
You hear a shout! x2
Casting: Beastly Appendage (safe; 9% risk of failure)
Press: ? - help, Q - select action, (/) - cycle Dir - look around, f - activate You extend your transformation's duration.
Your transformation is almost over.
The orc priest looks satisfied for a moment.
The orc priest misses you.
You tentacle-slap the orc priest. You grab the orc priest.
You pierce the orc priest.
You tentacle-slap the orc priest.
You squeeze the orc priest, but do no damage.
The orc priest is severely wounded.
You constrict the orc priest. The orc hits you with a +0 morningstar!
The orc priest calls down the wrath of Beogh upon you.
Beogh smites you!
Ouch! That really hurt!
* * * LOW HITPOINT WARNING * * *
You tentacle-slap the orc priest.
You pierce the orc priest, but do no damage.
The orc priest is almost dead.
You constrict the orc priest. The orc barely misses you.
The orc priest mumbles some strange prayers to Beogh against you.
Beogh smites you!
Ouch! That really hurt!
You die...

††....... .. #####.... #.
......≈ ..... . .### .....§§
....# ..###......§ .####
###.#........§ .# ##..#
............≈ .........
#..........≈§_
###.....#####.#o.o...?.≈≈≈§
.##...........##@.......§≈≈.
............................
............#..##.........#
......................>...#
##........<...............#
..........................#
..###...##................#
###
#....##...............##.
#.....#.................#


You could see an orc priest and an orc.

Vanquished Creatures
  A gnoll (D:1)
  2 dart slugs
  An orc (D:2)
  5 bats
  6 endoplasms
  A giant cockroach (D:2)
  4 goblins
  3 hobgoblins
  6 jackals (D:2)
  5 quokkas
  2 ball pythons (D:2)
  3 frilled lizards
  2 kobolds
  2 rats (D:1)
43 creatures vanquished.

Vanquished Creatures (others)
  2 plants (D:2)
2 creatures vanquished.

Grand Total: 45 creatures vanquished

Notes
Turn   | Place    | Note
-------+----------+-------------------------------------------
     0 | D:1      | buhh the Octopode Transmuter began the quest for the Orb.
     0 | D:1      | Reached XP level 1. HP: 13/13 MP: 3/3
   470 | D:1      | Reached XP level 2. HP: 18/18 MP: 3/5
  1066 | D:1      | Found Plog's Antique Weapon Boutique.
  1069 | D:1      | Reached XP level 3. HP: 20/23 MP: 4/6
  2183 | D:2      | Learned a level 2 spell: Wereblood
  2187 | D:2      | Learned a level 3 spell: Spider Form
  2467 | D:2      | Reached XP level 4. HP: 25/28 MP: 5/7
  3212 | D:3      | Found a sacrificial altar of Ru.
  3426 | D:3      | Noticed Ijyb
  3485 | D:3      | Found a blossoming altar of Fedhas.
  3518 | D:3      | HP: 1/28 [orc priest/divine providence (15)]
  3519 | D:3      | Killed from afar by an orc priest

Illustrated notes

Levels and vault maps discovered:
D:1:      evilmike_arrival_hilbert_curve, layout_basic, serial_shops,
          nicolae_diamond_shop, minivault_19, lemuel_flame_loot_1
D:2:      layout_basic, serial_bayou_ford_a, minmay_ruptured
D:3:      layout_rooms, nicolae_overflow_crystal_walls, zin_purify,
          mainiacjoe_overflow_catwalk, chequers_serial_rivers_room_a, uniq_ijyb,
          uniq_natasha

Skill      XL: |  1  2  3 |
---------------+----------+-----
Stealth        | 1 2 |  2.4
Poison Magic   | 1 |  1.3
Fighting       | |  1.4
Dodging        | |  2.5
Unarmed Combat | |  3.6
Spellcasting   | |  2.0
Transmutations | |  2.0

Action                   |  1- 3 |  4- 6 || total
-------------------------+-------+-------++-------
Melee: Unarmed           |    80 |    10 ||    90
       Kick              |    19 |     3 ||    22
       Constrict         |    19 |     5 ||    24
       Tentacles         |    10 |     3 ||    13
       Punch             |     1 |     1 ||     2
 Cast: Beastly Appendage |    22 |     7 ||    29
  Use: Potion            |     1 |       ||     1
 Stab: Sleeping          |    14 |       ||    14
Armor: Skin              |    27 |       ||    27
Dodge: Dodged            |    38 |     5 ||    43

Table legend: (Time is in decaauts)
 A = Elapsed time spent in this place.
 B = Non-inter-level travel time spent in this place.
 C = Inter-level travel time spent in this place.
 D = Time resting spent in this place.
 E = Time spent auto-exploring this place.
 F = Levels seen in this place.
 G = Mean time per level.
                   A        B        C        D        E       F      G
               +--------+--------+--------+--------+--------+-----+--------+
         Total |   3513 |   3401 |    112 |    947 |   2059 |   3 | 1171.0 |
       Dungeon |   3513 |   3401 |    112 |    947 |   2059 |   3 | 1171.0 |
               +--------+--------+--------+--------+--------+-----+--------+

Top non-repeatable levels by time:
     D:1: 1808 daAuts
     D:2: 1390 daAuts
     D:3: 313 daAuts
